 5952 Aisha the Grappler (level 10, 0/84 HPs)
             Began as an Ogre Transmuter on Sept 29, 2019.
             Was an Elder of Makhleb.
             Slain by Harold
             ... wielding a +1 battleaxe of electrocution
              (13 damage)
             ... on level 9 of the Dungeon.
             The game lasted 00:24:01 (7383 turns).

Aisha the Grappler (Ogre Transmuter)                Turns: 7383, Time: 00:24:02

Health: 0/84       AC:  2    Str: 18    XL:     10   Next: 84%
Magic:  11/13      EV: 29    Int: 20    God:    Makhleb [****..]
Gold:   350        SH:  0    Dex: 19    Spells: 5/13 levels left

rFire    . . .     SeeInvis .     - Unarmed
rCold    . . .     Gourm    .   (shield currently unavailable)
rNeg     . . .     Faith    .   (armour currently unavailable)
rPois    .         Spirit   .   (helmet currently unavailable)
rElec    .         Reflect  .   (cloak currently unavailable)
rCorr    .         Harm     .   (gloves unavailable)
MR       +....                  (boots unavailable)
Stlth    +++.......             (no amulet)
HPRegen  0.24/turn              v - ring "Zeithrup" {rPois Str+2 Int+3}
MPRegen  0.13/turn              E - +5 ring of evasion

@: agile, spider-form, marked
A: tiny, unfitting armour
a: End Transformation, Minor Destruction, Lesser Servant of Makhleb, Major
Destruction, Renounce Religion


Innate Abilities, Weirdness & Mutations

You are too large for most types of armour.
((You have tough skin. (AC +1)))


   Skills:
 - Level 1.3 Fighting
 - Level 1.7 Dodging
 * Level 11.3 Unarmed Combat
 - Level 2.4 Spellcasting
 + Level 8.0 Transmutations
 - Level 4.0 Ice Magic
 - Level 4.0 Invocations


You had 5 spell levels left.
You knew the following spells:

 Your Spells              Type           Power        Failure   Level  Hunger
e - Beastly Appendage     Tmut           ####..       3%          1    #......
i - Spider Form           Tmut/Pois      ###.......   22%         3    ###....
o - Ice Form              Ice/Tmut       ####....     30%         4    #####..

Your spell library contained the following spells:

 Spells                   Type           Power        Failure   Level  Hunger
 Sticks to Snakes         Tmut           ####....     4%          2    ##.....
 Animate Skeleton         Necr           N/A          34%         1    #......
 Apportation              Tloc           #.....       34%         1    #......
 Confusing Touch          Hex            #.....       34%         1    #......
 Summon Small Mammal      Summ           #...         34%         1    #......
 Blade Hands              Tmut           ####......   34%         5    ######.

Inventory:

Missiles
 a - 44 arrows
 o - 5 javelins (quivered)
 C - a throwing net {=f}
Armour
 q - a +1 robe of resistance (melded)
 x - a scarf of resistance
Magical Staves
 y - an uncursed staff of fire {!a, unknown}
Jewellery
 b - an uncursed ring of fire {unknown}
 v - the ring "Zeithrup" (left front leg) {rPois Str+2 Int+3}
   (You found it on level 5 of the Dungeon)

   [ring of poison resistance]

   It affects your strength (+2).
   It affects your intelligence (+3).
   It protects you from poison.
 D - a +4 ring of dexterity
 E - a +5 ring of evasion (right front leg)
 R - an uncursed ring of resist corrosion
Wands
 c - a wand of clouds (8)
 g - a wand of flame (19)
 p - a wand of iceblast (7)
 F - a wand of random effects (10)
Scrolls
 e - 5 scrolls of remove curse {@r2}
 f - 3 scrolls of identify {@r1}
 j - 2 scrolls of magic mapping
 m - 5 scrolls of teleportation {@r4}
 n - 2 scrolls of enchant weapon
 r - 3 scrolls of amnesia
 t - a scroll of holy word
 w - a scroll of immolation {unknown}
 A - 2 scrolls of vulnerability {unknown}
Potions
 h - a potion of agility
 i - 2 potions of magic
 k - 3 potions of brilliance
 l - a potion of haste {@q3}
 s - 4 potions of cancellation
 u - a potion of curing {@q1}
 z - a potion of ambrosia {unknown}
Comestibles
 d - 21 rations {@e1}
 B - 7 chunks of flesh


Message History

Unknown command.
You maul Harold!!
Harold is poisoned.
Harold is heavily wounded.
Harold barely misses you.
You hit Harold but do no damage.
Harold is heavily wounded.
Harold misses you.
Unknown command.
You hit Harold but do no damage.
Harold looks as sick as possible!
Harold is heavily wounded.
Unknown command.
You bite Harold!
Harold looks as sick as possible!
Harold is severely wounded.
Harold completely misses you.
Unknown command.
You hit Harold.
Harold is almost dead.
Unknown command.
You hit Harold.
Harold looks as sick as possible!
Harold is almost dead.
Harold hits you with a +1 battleaxe of electrocution!
* * * LOW HITPOINT WARNING * * *
You are electrocuted!!
* * * LOW HITPOINT WARNING * * *
You barely miss Harold.
Harold is almost dead.
Harold hits you with a +1 battleaxe of electrocution!
* * * LOW HITPOINT WARNING * * *
You are electrocuted!
You die...

Skill      XL: |  1  2  3  4  5  6  7  8  9 10 |
---------------+-------------------------------+-----
Unarmed Combat | 3 4 5 7 8 9 11 | 11.3
Transmutations | 2 3 4 5 6 8 |  8.0
Ice Magic      | 2 4 |  4.0
Invocations    | 2 4 |  4.0
Fighting       | |  1.3
Dodging        | |  1.7
Spellcasting   | |  2.4

Action                   |  1- 3 |  4- 6 |  7- 9 | 10-12 || total
-------------------------+-------+-------+-------+-------++-------
Melee: Unarmed           |   132 |   166 |   313 |   161 ||   772
       Kick              |     7 |       |     2 |       ||     9
       Headbutt          |     3 |     9 |     1 |       ||    13
       Punch             |       |       |     1 |       ||     1
 Cast: Beastly Appendage |    11 |     4 |     2 |       ||    17
       Spider Form       |     4 |     7 |    24 |    14 ||    49
       Ice Form          |       |       |     3 |     3 ||     6
 Abil: End Transformatio |       |       |     4 |       ||     4
Evoke: Wand              |       |       |       |     1 ||     1
  Use: Potion            |       |     3 |       |     1 ||     4
       Scroll            |       |       |    11 |       ||    11
 Stab: Sleeping          |       |     1 |     1 |       ||     2
       Confused          |       |       |       |     1 ||     1
  Eat: Chunk             |     2 |     8 |    15 |     6 ||    31
Armor: Robe              |    56 |    51 |    19 |     2 ||   128
       Skin              |     1 |     5 |    15 |     8 ||    29
Dodge: Dodged            |    87 |   117 |   273 |   134 ||   611

Notes
Turn   | Place    | Note
-------+----------+-------------------------------------------
     0 | D:1      | Aisha the Ogre Transmuter began the quest for the Orb.
     0 | D:1      | Reached XP level 1. HP: 19/19 MP: 3/3
    81 | D:1      | Reached skill level 3 in Unarmed Combat
    81 | D:1      | Reached skill level 2 in Transmutations
    81 | D:1      | Reached XP level 2. HP: 23/27 MP: 5/5
   558 | D:1      | Reached XP level 3. HP: 28/33 MP: 6/6
   563 | D:1      | Learned a level 3 spell: Spider Form
   783 | D:2      | Found a burning altar of Makhleb.
   818 | D:2      | Became a worshipper of Makhleb the Destroyer
  1311 | D:3      | Noticed Ijyb
  1409 | D:2      | Killed Ijyb
  1409 | D:2      | Reached skill level 4 in Unarmed Combat
  1409 | D:2      | Reached XP level 4. HP: 40/41 MP: 0/7
  1549 | D:3      | Found a shattered altar of Ashenzari.
  1699 | D:3      | Reached * piety under Makhleb
  1704 | D:3      | HP: 2/41 [orc wizard/+0 dagger (4)]
  1707 | D:3      | Reached skill level 3 in Transmutations
  1707 | D:3      | Reached XP level 5. HP: 3/48 MP: 5/8
  1710 | D:3      | HP: 2/72 [poisoned by an adder]
  1717 | D:3      | HP: 2/72 [poisoned by an adder]
  1727 | D:3      | HP: 2/72 [poisoned by an adder]
  2609 | D:3      | Found a snail-covered altar of Cheibriados.
  2787 | D:4      | Noticed Dowan
  2787 | D:4      | Noticed Duvessa
  2803 | D:4      | Killed Duvessa
  2803 | D:4      | Reached skill level 5 in Unarmed Combat
  2803 | D:4      | Reached XP level 6. HP: 35/55 MP: 3/9
  2805 | D:4      | Killed Dowan
  3056 | D:4      | Found an ornate altar of the Wu Jian Council.
  3285 | D:4      | Found an ancient bone altar of Kikubaaqudgha.
  3312 | D:4      | Reached skill level 4 in Transmutations
  3312 | D:4      | Reached XP level 7. HP: 19/62 MP: 7/10
  3702 | D:5      | Entered Level 5 of the Dungeon
  3712 | D:5      | Found Ippam's Distillery.
  3717 | D:5      | Reached skill level 6 in Unarmed Combat
  3738 | D:5      | Bought a potion of degeneration for 13 gold pieces
  3738 | D:5      | Bought a potion of curing for 39 gold pieces
  3738 | D:5      | Bought a potion of mutation for 104 gold pieces
  3945 | D:5      | Got a slimy iron ring
  3990 | D:5      | Found Carim's Armour Shop.
  4003 | D:5      | Identified the ring "Zeithrup" {rPois Str+2 Int+3} (You
                  | found it on level 5 of the Dungeon)
  4026 | D:5      | Identified a +1 robe of resistance (You found it on level 4
                  | of the Dungeon)
  4082 | D:5      | Noticed Menkaure
  4092 | D:6      | Noticed Sigmund
  4093 | D:6      | Found an iron altar of Okawaru.
  4117 | D:5      | Reached ** piety under Makhleb
  4281 | D:5      | Found a bloodstained altar of Trog.
  4282 | D:5      | Found Jymaom Ufra's Magic Scroll Emporium.
  4299 | D:5      | Bought a scroll of identify for 24 gold pieces
  4299 | D:5      | Bought a scroll of identify for 24 gold pieces
  4299 | D:5      | Bought a scroll of identify for 24 gold pieces
  4636 | D:5      | Learned a level 4 spell: Ice Form
  4644 | D:5      | Reached skill level 7 in Unarmed Combat
  4801 | D:6      | Reached XP level 8. HP: 56/70 MP: 5/11
  4889 | D:6      | Killed Sigmund
  4889 | D:6      | Reached skill level 5 in Transmutations
  4889 | D:6      | Reached skill level 1 in Ice Magic
  4913 | D:6      | Found a shattered altar of Ashenzari.
  5176 | D:6      | Reached skill level 8 in Unarmed Combat
  5176 | D:6      | Reached skill level 2 in Ice Magic
  5176 | D:6      | Reached skill level 1 in Invocations
  5344 | D:7      | Found Jallala's Gadget Shoppe.
  5391 | D:7      | Reached skill level 2 in Invocations
  5391 | D:7      | Reached XP level 9. HP: 58/76 MP: 10/12
  5677 | D:7      | Reached skill level 3 in Ice Magic
  5743 | D:7      | Found a staircase to the Ecumenical Temple.
  5782 | D:7      | Reached *** piety under Makhleb
  5782 | D:7      | Reached skill level 6 in Transmutations
  5790 | D:7      | Reached skill level 3 in Invocations
  5982 | D:8      | Noticed an elephant
  6006 | D:7      | Killed an elephant
  6006 | D:7      | Reached skill level 9 in Unarmed Combat
  6018 | D:8      | Found a staircase to the Lair.
  6072 | D:8      | Reached skill level 4 in Invocations
  6109 | D:8      | Reached skill level 4 in Ice Magic
  6198 | D:8      | Reached XP level 10. HP: 74/84 MP: 9/13
  6215 | D:8      | Found a white marble altar of Elyvilon.
  6263 | D:8      | Reached skill level 10 in Unarmed Combat
  6284 | D:8      | Found Pafeib's Distillery.
  6285 | D:8      | Noticed a two-headed ogre
  6299 | D:8      | Killed a two-headed ogre
  6299 | D:8      | Reached skill level 7 in Transmutations
  6680 | D:8      | Found a basalt altar of Yredelemnul.
  6942 | D:8      | Found a deep blue altar of Sif Muna.
  7027 | D:9      | Found an opulent altar of Gozag.
  7108 | D:9      | Reached skill level 11 in Unarmed Combat
  7206 | D:9      | Reached **** piety under Makhleb
  7293 | D:9      | Reached skill level 8 in Transmutations
  7365 | D:9      | Found a blossoming altar of Fedhas.
  7366 | D:9      | Noticed Harold
  7383 | D:9      | Slain by Harold

Vanquished Creatures
  A two-headed ogre (D:8)
  An elephant (D:7)
  A troll (D:9)
  3 hippogriffs (D:8)
  Sigmund (D:6)
  2 basilisks (D:8)
  A hungry ghost (D:8)
  Duvessa (D:4)
  A water moccasin (D:9)
  2 orc warriors (D:8)
  3 ice beasts
  4 black bears
  3 phantoms
  A sky beast (D:9)
  A centaur (D:7)
  3 ogres
  6 bullfrogs
  Dowan (D:4)
  A gnoll sergeant (D:5)
  4 scorpions
  A water moccasin skeleton (D:6)
  4 wights (D:7)
  2 crimson imps
  A bullfrog zombie (D:9)
  2 centaur zombies
  3 orc priests
  A hound (D:9)
  A bullfrog skeleton (D:6)
  A centaur skeleton (D:6)
  A gnoll shaman (D:7)
  5 orc wizards
  3 iguanas
  Ijyb (D:2)
  4 worker ants
  2 killer bee zombies
  A hound skeleton (D:7)
  10 adders
  7 gnolls
  A shadow imp (D:9)
  An ooze (D:6)
  An adder skeleton (D:5)
  5 dart slugs
  2 worms
  4 leopard geckos
  19 orcs
  A ball python (D:3)
  9 bats
  5 giant cockroaches
  8 goblins
  4 hobgoblins
  21 jackals
  4 frilled lizards
  4 kobolds
  A leopard gecko skeleton (D:4)
  A leopard gecko zombie (D:6)
  A quokka skeleton (D:8)
  A quokka zombie (D:8)
  7 rats
191 creatures vanquished.
